| TOP OF THE 1ST |
|
Florida State University Seminoles batting - Pitching for University of Conneticut Huskies : RHP Daniel Matthews
|
|
Pitching: RHP Daniel Matthews
|
|
|
Batting: LHB Brian Clayton
|
0-0: Fly out, F9 (Flyball, 9, EV 74.4 MPH)
|
|
Batting: SHB John Welsh
|
0-0: Called Strike 0-1: Called Strike 0-2: Ground out U3 (Groundball, 3, EV 93.8 MPH)
|
|
Batting: RHB Tony Valdez
|
0-0: Ball 1-0: Fly out, F8 (Flyball, 8LXD, EV 90.0 MPH)
|
| Top of the 1st over - 0 runs, 0 hits, 0 errors, 0 left on base; Florida State University 0 - University of Conneticut 0 |
| BOTTOM OF THE 1ST |
|
University of Conneticut Huskies batting - Pitching for Florida State University Seminoles : RHP Jeff Blakeney
|
|
Pitching: RHP Jeff Blakeney
|
|
|
Batting: RHB Victor Ramos
|
0-0: Called Strike 0-1: Ball 1-1: Swinging Strike 1-2: Strikes out looking
|
|
Batting: RHB Jordan Nicholas
|
0-0: Called Strike 0-1: Called Strike 0-2: SINGLE (Flyball, 4D, EV 91.2 MPH) - OUT at second base trying to stretch hit.
|
|
Batting: LHB Greg James
|
0-0: Ball 1-0: Called Strike 1-1: Ball 2-1: Ball 3-1: Base on Balls
|
|
Batting: LHB Jonathan Sica
|
0-0: Swinging Strike 0-1: Ball 1-1: Foul Ball, location: 2F 1-2: Ball 2-2: SINGLE (Groundball, 4M, EV 108.1 MPH) (infield hit) Greg James to second
|
|
Batting: RHB Jai De san miguel
|
0-0: Fielders Choice at 2nd, 6-4 (Groundball, 6, EV 90.0 MPH)
|
| Bottom of the 1st over - 0 runs, 2 hits, 0 errors, 2 left on base; Florida State University 0 - University of Conneticut 0 |
| TOP OF THE 2ND |
|
Florida State University Seminoles batting - Pitching for University of Conneticut Huskies : RHP Daniel Matthews
|
|
Batting: LHB Jeff Shields
|
0-0: Called Strike 0-1: Ball 1-1: Swinging Strike 1-2: Strikes out looking
|
|
Batting: RHB George Smienk
|
0-0: Called Strike 0-1: Swinging Strike 0-2: Strikes out swinging
|
|
Batting: LHB Hastings Miller
|
0-0: Ball 1-0: Ball 2-0: Ball 3-0: Called Strike 3-1: Ground out 1-3 (Groundball, 13S, EV 68.8 MPH)
|
| Top of the 2nd over - 0 runs, 0 hits, 0 errors, 0 left on base; Florida State University 0 - University of Conneticut 0 |
| BOTTOM OF THE 2ND |
|
University of Conneticut Huskies batting - Pitching for Florida State University Seminoles : RHP Jeff Blakeney
|
|
Batting: RHB Charlie Slayback
|
0-0: Called Strike 0-1: Ball 1-1: Ball 2-1: Foul Ball, location: 2F 2-2: Foul Ball, location: 2F 2-2: Ball 3-2: Base on Balls
|
|
Batting: RHB Lee Wilbur
|
0-0: Ball 1-0: Reached on error, E6 (Groundball, 56, EV 101.9 MPH) Charlie Slayback to second
|
|
Batting: LHB Matt Reed
|
0-0: Called Strike 0-1: Called Strike 0-2: Ball 1-2: Strikes out looking
|
|
Batting: LHB Chris Grayson
|
0-0: Called Strike 0-1: Foul Ball, location: 2F 0-2: Strikes out swinging
|
|
Batting: RHB Victor Ramos
|
0-0: Ball 1-0: Swinging Strike 1-1: Foul Ball, location: 2F 1-2: Ball 2-2: Strikes out swinging
|
| Bottom of the 2nd over - 0 runs, 0 hits, 1 error, 2 left on base; Florida State University 0 - University of Conneticut 0 |
| TOP OF THE 3RD |
|
Florida State University Seminoles batting - Pitching for University of Conneticut Huskies : RHP Daniel Matthews
|
|
Batting: LHB Matt Stewart
|
0-0: Ball 1-0: Ball 2-0: DOUBLE (Flyball, 8LXD, EV 106.2 MPH)
|
|
Batting: RHB Julio Mendoza
|
0-0: Fly out, F9 (Flyball, 9S, EV 90.0 MPH)
|
|
Batting: RHB J.R. Harvey
|
0-0: Ball 1-0: Swinging Strike 1-1: Foul Ball, location: 2F 1-2: Ball 2-2: Foul Ball, location: 2F 2-2: Strikes out swinging
|
|
Batting: LHB Brian Clayton
|
0-0: Ball 1-0: Swinging Strike 1-1: Ball 2-1: Swinging Strike 2-2: Strikes out swinging
|
| Top of the 3rd over - 0 runs, 1 hit, 0 errors, 1 left on base; Florida State University 0 - University of Conneticut 0 |
| BOTTOM OF THE 3RD |
|
University of Conneticut Huskies batting - Pitching for Florida State University Seminoles : RHP Jeff Blakeney
|
|
Batting: RHB Jordan Nicholas
|
0-0: Ball 1-0: SINGLE (Groundball, 4MD, EV 100.0 MPH)
|
|
Batting: LHB Greg James
|
0-0: Ball 1-0: Ball 2-0: Ball 3-0: Called Strike 3-1: Foul Ball, location: 2F 3-2: SINGLE (Groundball, 6M, EV 106.2 MPH) Jordan Nicholas to second Jordan Nicholas to third
|
|
Batting: LHB Jonathan Sica
|
0-0: Ball 1-0: Ball Wild Pitch! Jordan Nicholas scores Greg James to second 2-0: Foul Ball, location: 2F 2-1: Foul Ball, location: 2F 2-2: Ball 3-2: Ground out U3 (Groundball, 34, EV 102.5 MPH) Greg James to third
|
|
Batting: RHB Jai De san miguel
|
0-0: Ball 1-0: Ball 2-0: Foul Ball, location: 2F 2-1: Swinging Strike 2-2: Ball 3-2: Base on Balls
|
|
Batting: RHB Charlie Slayback
|
0-0: Called Strike 0-1: Ball 1-1: Fly out, F4 (Popup, 4M, EV 60.6 MPH)
|
|
Batting: RHB Lee Wilbur
|
0-0: SINGLE (Groundball, 34, EV 101.2 MPH) Greg James scores Jai De san miguel to second Runner from 2nd tries for 3rd, SAFE, throw by RF made to third
|
|
Batting: LHB Matt Reed
|
0-0: Foul Ball, location: 2F 0-1: Ball 1-1: Called Strike 1-2: Fielders Choice at 2nd, 6-4 (Groundball, 6, EV 110.6 MPH)
|
| Bottom of the 3rd over - 2 runs, 3 hits, 0 errors, 2 left on base; Florida State University 0 - University of Conneticut 2 |
| TOP OF THE 4TH |
|
Florida State University Seminoles batting - Pitching for University of Conneticut Huskies : RHP Daniel Matthews
|
|
Batting: SHB John Welsh
|
0-0: Ball 1-0: Ball 2-0: Fly out, F6 (Popup, 6M, EV 51.2 MPH)
|
|
Batting: RHB Tony Valdez
|
0-0: Ball 1-0: SINGLE (Flyball, 4D, EV 85.0 MPH)
|
|
Batting: LHB Jeff Shields
|
0-0: Ball Tony Valdez steals 2nd base 1-0: Swinging Strike 1-1: Called Strike 1-2: Foul Ball, location: 2F 1-2: Foul Ball, location: 2F 1-2: Strikes out swinging
|
|
Batting: RHB George Smienk
|
0-0: Ball 1-0: Ground out 6-3 (Groundball, 6, EV 77.5 MPH)
|
| Top of the 4th over - 0 runs, 1 hit, 0 errors, 1 left on base; Florida State University 0 - University of Conneticut 2 |
| BOTTOM OF THE 4TH |
|
University of Conneticut Huskies batting - Pitching for Florida State University Seminoles : RHP Jeff Blakeney
|
|
Batting: LHB Chris Grayson
|
0-0: Foul Ball, location: 2F 0-1: Called Strike 0-2: Ball 1-2: DOUBLE (Line Drive, 8LD, EV 109.4 MPH)
|
|
Batting: RHB Victor Ramos
|
0-0: Called Strike 0-1: Swinging Strike 0-2: Ball 1-2: Strikes out swinging
|
|
Batting: RHB Jordan Nicholas
|
0-0: Swinging Strike 0-1: Ball 1-1: SINGLE (Groundball, 25, EV 66.9 MPH) (infield hit) Chris Grayson to third
|
|
Batting: LHB Greg James
|
0-0: Called Strike 0-1: Ball Wild Pitch! Chris Grayson scores Jordan Nicholas to second 1-1: Ball 2-1: Foul Ball, location: 2F 2-2: Ball 3-2: Foul Ball, location: 2F 3-2: Base on Balls
|
|
Pitching: RHP Marty Rees
|
|
|
Batting: LHB Jonathan Sica
|
0-0: Swinging Strike 0-1: Ball 1-1: Reached on error, E4 (Groundball, 4, EV 76.9 MPH) Jordan Nicholas to third Greg James to second
|
|
Batting: RHB Jai De san miguel
|
0-0: Foul Ball, location: 2F 0-1: Fly out, F7 (Flyball, 7, EV 90.0 MPH) Runner from 3rd tags up, OUT at HOME! 7-2
|
| Bottom of the 4th over - 1 run, 2 hits, 1 error, 2 left on base; Florida State University 0 - University of Conneticut 3 |
| TOP OF THE 5TH |
|
Florida State University Seminoles batting - Pitching for University of Conneticut Huskies : RHP Daniel Matthews
|
|
Batting: LHB Hastings Miller
|
0-0: Called Strike 0-1: Fly out, F7 (Flyball, 7D, EV 96.2 MPH)
|
|
Batting: LHB Matt Stewart
|
0-0: Called Strike 0-1: Ball 1-1: Foul Ball, location: 2F 1-2: Reached on error, E4 (Groundball, 4, EV 101.2 MPH)
|
|
Batting: RHB Julio Mendoza
|
0-0: Fly out, F9 (Flyball, 9D, EV 88.1 MPH) Runner from 2nd tags up, SAFE at 3rd, no throw by RF
|
|
Batting: RHB J.R. Harvey
|
0-0: DOUBLE (Line Drive, 8LXD, EV 97.5 MPH) Matt Stewart scores
|
|
Batting: LHB Brian Clayton
|
0-0: Called Strike 0-1: Swinging Strike 0-2: Ball 1-2: Foul Ball, location: 2F 1-2: Foul Ball, location: 2F 1-2: Ball 2-2: Strikes out swinging
|
| Top of the 5th over - 1 run, 1 hit, 1 error, 1 left on base; Florida State University 1 - University of Conneticut 3 |
| BOTTOM OF THE 5TH |
|
University of Conneticut Huskies batting - Pitching for Florida State University Seminoles : RHP Marty Rees
|
|
Batting: RHB Charlie Slayback
|
0-0: Ball 1-0: Ball 2-0: Ball 3-0: Called Strike 3-1: Foul Ball, location: 2F 3-2: Foul Ball, location: 2F 3-2: Ground out 5-3 (Groundball, 56S, EV 83.8 MPH)
|
|
Batting: RHB Lee Wilbur
|
0-0: Ball 1-0: Ball 2-0: Foul Ball, location: 2F 2-1: Called Strike 2-2: Ball 3-2: Strikes out swinging
|
|
Batting: LHB Matt Reed
|
0-0: Ball 1-0: Foul Ball, location: 2F 1-1: SINGLE (Line Drive, 4D, EV 104.4 MPH)
|
|
Batting: LHB Chris Grayson
|
0-0: Called Strike Matt Reed steals 2nd, throwing error, E2 Matt Reed to third 0-1: Fly out, F8 (Flyball, 8LM, EV 87.5 MPH)
|
| Bottom of the 5th over - 0 runs, 1 hit, 1 error, 1 left on base; Florida State University 1 - University of Conneticut 3 |
| TOP OF THE 6TH |
|
Florida State University Seminoles batting - Pitching for University of Conneticut Huskies : RHP Daniel Matthews
|
|
Batting: SHB John Welsh
|
0-0: Ball 1-0: SINGLE (Groundball, 34S, EV 66.9 MPH) (infield hit)
|
|
Batting: RHB Tony Valdez
|
0-0: Foul Ball, location: 2F 0-1: Ball 1-1: Ball John Welsh is caught stealing 2nd base 2-4 2-1: SINGLE (Groundball, 56D, EV 98.8 MPH)
|
|
Batting: LHB Jeff Shields
|
0-0: Ball 1-0: Called Strike 1-1: Foul Ball, location: 2F 1-2: Ball 2-2: Fly out, F7 (Flyball, 7, EV 91.2 MPH)
|
|
Batting: RHB George Smienk
|
0-0: Ball 1-0: Ball 2-0: Ground out U3 (Groundball, 3S, EV 70.6 MPH)
|
| Top of the 6th over - 0 runs, 2 hits, 0 errors, 1 left on base; Florida State University 1 - University of Conneticut 3 |
| BOTTOM OF THE 6TH |
|
University of Conneticut Huskies batting - Pitching for Florida State University Seminoles : RHP Marty Rees
|
|
Batting: RHB Victor Ramos
|
0-0: Called Strike 0-1: Foul Ball, location: 2F 0-2: Foul Ball, location: 2F 0-2: Ball 1-2: Strikes out swinging
|
|
Batting: RHB Jordan Nicholas
|
0-0: Ball 1-0: Ground out 6-3 (Groundball, 6, EV 79.4 MPH)
|
|
Batting: LHB Greg James
|
0-0: Ball 1-0: Ball 2-0: Called Strike 2-1: Ground out 6-3 (Groundball, 6, EV 105.0 MPH)
|
| Bottom of the 6th over - 0 runs, 0 hits, 0 errors, 0 left on base; Florida State University 1 - University of Conneticut 3 |
| TOP OF THE 7TH |
|
Florida State University Seminoles batting - Pitching for University of Conneticut Huskies : RHP Daniel Matthews
|
|
Batting: LHB Hastings Miller
|
0-0: Called Strike 0-1: Ball 1-1: Ball 2-1: Ball 3-1: Base on Balls
|
|
Pitching: LHP Marvin Lopez
|
|
|
Batting: LHB Matt Stewart
|
0-0: Ball 1-0: Called Strike 1-1: Ball 2-1: Called Strike 2-2: Foul Ball, location: 2F 2-2: Ball 3-2: Strikes out swinging
|
|
Batting: RHB Julio Mendoza
|
0-0: Called Strike 0-1: Ball Wild Pitch! Hastings Miller to second 1-1: Swinging Strike 1-2: Ball 2-2: Strikes out swinging
|
|
Batting: RHB J.R. Harvey
|
0-0: Ball 1-0: Called Strike 1-1: Foul Ball, location: 2F 1-2: Strikes out looking
|
| Top of the 7th over - 0 runs, 0 hits, 0 errors, 1 left on base; Florida State University 1 - University of Conneticut 3 |
| BOTTOM OF THE 7TH |
|
University of Conneticut Huskies batting - Pitching for Florida State University Seminoles : RHP Marty Rees
|
|
Batting: LHB Jonathan Sica
|
0-0: Ball 1-0: Ball 2-0: Foul Ball, location: 2F 2-1: Ground out U3 (Groundball, 3S, EV 90.0 MPH)
|
|
Batting: RHB Jai De san miguel
|
0-0: SINGLE (Line Drive, 8RS, EV 110.6 MPH)
|
|
Batting: RHB Charlie Slayback
|
0-0: Foul Ball, location: 2F 0-1: Fly out, F8 (Flyball, 8RS, EV 85.0 MPH)
|
|
Batting: RHB Lee Wilbur
|
0-0: Called Strike Jai De san miguel is caught stealing 2nd base 2-4
|
| Bottom of the 7th over - 0 runs, 1 hit, 0 errors, 0 left on base; Florida State University 1 - University of Conneticut 3 |
| TOP OF THE 8TH |
|
Florida State University Seminoles batting - Pitching for University of Conneticut Huskies : LHP Marvin Lopez
|
|
Pitching: RHP Sal Sanchez
|
|
|
Batting: LHB Brian Clayton
|
0-0: Ground out U3 (Groundball, 34, EV 101.2 MPH)
|
|
Batting: SHB John Welsh
|
0-0: Called Strike 0-1: Ball 1-1: Ball 2-1: Swinging Strike 2-2: Ground out 6-3 (Groundball, 6, EV 100.0 MPH)
|
|
Batting: RHB Tony Valdez
|
0-0: Ball 1-0: Foul Ball, location: 2F 1-1: Ball 2-1: SINGLE (Line Drive, 56D, EV 95.6 MPH)
|
|
Batting: LHB Jeff Shields
|
0-0: Ball 1-0: Foul Ball, location: 2F 1-1: Ball 2-1: SINGLE (Groundball, 56, EV 104.4 MPH) Tony Valdez to second Runner from 2nd tries for 3rd, SAFE, no throw by LF
|
|
Pinch Hitting: LHB John Doiron
|
0-0: Called Strike 0-1: Ball 1-1: Called Strike 1-2: Strikes out swinging
|
| Top of the 8th over - 0 runs, 2 hits, 0 errors, 2 left on base; Florida State University 1 - University of Conneticut 3 |
| BOTTOM OF THE 8TH |
|
University of Conneticut Huskies batting - Pitching for Florida State University Seminoles : RHP Marty Rees
|
|
Pitching: RHP Gerry Burrell
|
|
|
Now at 2B: Jon Odle
|
|
|
Batting: RHB Lee Wilbur
|
0-0: Ball 1-0: Ball 2-0: Called Strike 2-1: Fly out, F8 (Flyball, 78M, EV 90.0 MPH)
|
|
Batting: LHB Matt Reed
|
0-0: Ball 1-0: Ball 2-0: Ball 3-0: Called Strike 3-1: Fly out, F9 (Flyball, 9LM, EV 91.2 MPH)
|
|
Batting: LHB Chris Grayson
|
0-0: Ball 1-0: Ball 2-0: Foul Ball, location: 2F 2-1: Called Strike 2-2: Ground out 4-3 (Groundball, 4, EV 79.4 MPH)
|
| Bottom of the 8th over - 0 runs, 0 hits, 0 errors, 0 left on base; Florida State University 1 - University of Conneticut 3 |
| TOP OF THE 9TH |
|
Florida State University Seminoles batting - Pitching for University of Conneticut Huskies : RHP Sal Sanchez
|
|
Pitching: RHP Andy Barnitz
|
|
|
Batting: LHB Hastings Miller
|
0-0: Ball 1-0: Swinging Strike 1-1: Ground out 4-3 (Groundball, 4, EV 103.1 MPH)
|
|
Batting: LHB Matt Stewart
|
0-0: Foul Ball, location: 2F 0-1: SINGLE (Line Drive, 34, EV 98.8 MPH)
|
|
Batting: RHB Julio Mendoza
|
0-0: Called Strike 0-1: Swinging Strike 0-2: Foul Ball, location: 2F 0-2: Ball 1-2: Strikes out swinging
|
|
Batting: RHB J.R. Harvey
|
0-0: Foul Ball, location: 2F 0-1: Ball 1-1: Called Strike 1-2: Strikes out looking
|
| Top of the 9th over - 0 runs, 1 hit, 0 errors, 1 left on base; Florida State University 1 - University of Conneticut 3 |
|